 Dungeon Crawl Stone Soup version 0.29-a0-100-g60f898f876 (webtiles) character file.

Game seed: 3763566067029309732

313 siradein the Bolt Thrower (level 6, -3/48 HPs)
             Began as a Formicid Hunter on Feb 15, 2022.
             Succumbed to a water moccasin's poison
             ... on level 4 of the Dungeon.
             The game lasted 00:11:19 (4667 turns).

siradein the Bolt Thrower (Formicid Hunter)         Turns: 4667, Time: 00:11:19

Health: -3/48      AC:  7    Str: 16    XL:     6   Next: 71%
Magic:  6/6        EV: 10    Int: 17    God:
Gold:   246        SH:  4    Dex: 13    Spells: 5/5 levels left

rFire   . . .      SeeInvis +   u - +1 trident (vorpal)
rCold   . . .      Faith    .   t - +0 buckler
rNeg    . . .      Spirit   .   m - +0 scale mail
rPois   .          Reflect  .   (helmet unavailable)
rElec   .          Harm     .   g - +0 cloak
rCorr   .          Rampage  .   (no gloves)
Will    .....                   (no boots)
Stlth   +.........              (no amulet)
HPRegen 0.16/turn               w - +6 ring of intelligence
MPRegen 0.10/turn               (no ring)

@: lethally poisoned (-3 -> -23)
A: permanent stasis, dig shafts and tunnels, antennae 3, four strong arms
a: Dig, Shaft Self


You were on level 4 of the Dungeon.
You visited 1 branch of the dungeon, and saw 4 of its levels.

You collected 246 gold pieces.

Inventory:

Hand Weapons
 a - a +1 hand crossbow
 r - a +2 dagger of venom
 u - a +1 vorpal trident (weapon)
Missiles
 d - 19 bolts
Armour
 g - a +0 cloak (worn)
 m - a +0 scale mail (worn)
 t - a +0 buckler (worn)
Jewellery
 w - a +6 ring of intelligence (left hand)
Wands
 b - a wand of flame (13)
 o - a wand of paralysis (11)
Scrolls
 e - 5 scrolls of identify {unknown}
 f - 2 scrolls of teleportation {unknown}
 h - a scroll of enchant weapon {unknown}
 i - a scroll of holy word {unknown}
 p - a scroll of blinking {unknown}
 s - a scroll of amnesia {unknown}
 v - a scroll of fog {unknown}
Potions
 c - 4 potions of might {unknown}
 j - a potion of lignification {unknown}
 k - a potion of heal wounds {unknown}
 l - 2 potions of curing
 n - a potion of mutation {unknown}
 q - 3 potions of flight {unknown}


   Skills:
 + Level 3.7 Fighting
 + Level 4.9 Crossbows
 + Level 2.2 Armour
 + Level 3.0 Dodging
 + Level 3.5 Stealth
 + Level 1.7 Shields


You had 5 spell levels left.
You didn't know any spells.
Your spell library contained the following spells:

 Spells                   Type           Power      Damage    Failure   Level
 Ignite Poison            Fire/Tmut/Pois 0%         N/A       97%         3
 Mephitic Cloud           Conj/Pois/Air  0%         N/A       97%         3
 Freezing Cloud           Conj/Ice/Air   0%         6-21      100%        5


Dungeon Overview and Level Annotations

Branches:
Dungeon (4/15)
 Temple: D:4-7

Altars:
Makhleb

Shops:
D:2 !

Annotations:
D:3 1 runed translucent door, Sweetruy1997's ghost, weakling MiBe


Innate Abilities, Weirdness & Mutations

You cannot be hasted, slowed, berserked, paralysed or teleported.
You can dig through walls and to a lower floor.
You have a pair of large antennae on your head. (SInv)
Your four strong arms can wield two-handed weapons with a shield.


Message History

An adder is nearby!
You reach to attack!
You hit the adder.
The adder is severely wounded.
The adder bites you.
You barely miss the adder.
The adder is severely wounded.
The adder bites you but does no damage. x2
You hit the adder.
You kill the adder!
You sense a monster nearby.
A water moccasin, an ufetubus and an orc come into view.
There are monsters nearby!
There are monsters nearby!
There are monsters nearby!
You reach to attack!
You closely miss the ufetubus. The ufetubus hits you. x2
You hit the ufetubus.
You kill the ufetubus!
Okay, then.
You miss the water moccasin.
The water moccasin bites you but does no damage.
The water moccasin barely misses you.
You completely miss the water moccasin. The water moccasin misses you.
The water moccasin barely misses you.
You hit the water moccasin but do no damage.
You block the orc's attack. The water moccasin bites you!
The orc closely misses you.
You closely miss the water moccasin. The water moccasin bites you.
You are poisoned.
The water moccasin poisons you! The water moccasin bites you!
The orc hits you from afar with a +0 trident.
You are too injured to fight recklessly!
You feel very sick. The water moccasin bites you!
* * * LOW HITPOINT WARNING * * *
You are more poisoned.
The water moccasin poisons you!
* * * LOW HITPOINT WARNING * * *
You feel very sick.
A dart slug and an orc come into view.
You die...

.......##...###
#......##....... ..#.#####...#
#......##....... ..#.# ##...#
#......####..... ..#.# #....#
####.........#.....
###.####....#
#......###...#.....
##........###............###'#.
#.......#....†.So........#.....
##>.....#......####......#.....
#......#.....@# ......#.....
##.###........# ...>.##.....
... #.......... .....###....
#... #...####.... ....o# #....
#...###### #.....S#+#......##
#....... ...... #....w. ...#.
#....o..


You could see a water moccasin, a dart slug (asleep) and an orc (asleep).

Vanquished Creatures
  An ogre (D:4)
  A phantom (D:4)
  Ijyb (D:4)
  5 adders
  An ufetubus (D:4)
  A worm (D:1)
  3 dart slugs
  9 orcs
  7 ball pythons
  6 endoplasms
  7 hobgoblins
  4 kobolds
  A quokka (D:1)
  A bat (D:1)
  3 frilled lizards
  5 goblins
  13 rats
69 creatures vanquished.

Notes
Turn   | Place    | Note
-------+----------+-------------------------------------------
     0 | D:1      | siradein the Formicid Hunter began the quest for the Orb.
     0 | D:1      | Reached XP level 1. HP: 16/16 MP: 1/1
   209 | D:1      | Reached XP level 2. HP: 17/23 MP: 2/2
  1561 | D:2      | Reached XP level 3. HP: 24/28 MP: 3/3
  1624 | D:2      | Found Allabas's Distillery.
  1996 | D:2      | Reached XP level 4. HP: 19/34 MP: 4/4
  2206 | D:2      | Reached skill level 1 in Armour
  2339 | D:2      | Found a faded altar of an unknown god.
  2647 | D:2      | HP: 1/35 [poisoned by an adder]
  2926 | D:3      | Noticed Sweetruy1997's ghost (weakling MiBe)
  2964 | D:3      | HP: 1/35 [orc (11)]
  3328 | D:3      | Found a runed translucent door.
  3343 | D:3      | Reached XP level 5. HP: 41/41 MP: 5/5
  3851 | D:4      | Found a burning altar of Makhleb.
  3855 | D:4      | Noticed a phantom
  3869 | D:4      | Killed a phantom
  3870 | D:4      | Reached skill level 1 in Shields
  4028 | D:4      | Noticed Ijyb
  4053 | D:4      | Killed Ijyb
  4054 | D:4      | Reached XP level 6. HP: 12/47 MP: 6/6
  4413 | D:4      | Noticed an ogre
  4429 | D:4      | Killed an ogre
  4656 | D:4      | Noticed a water moccasin
  4666 | D:4      | HP: 2/48 [poisoned by a water moccasin]
  4667 | D:4      | Succumbed to a water moccasin's poison

Illustrated notes

Levels and vault maps discovered:
D:1:      dpeg_arrival_ratfight, layout_loops_ring,
          corexii_item_surrounded_by_moat, grunt_decor_junction
D:2:      layout_rooms, serial_shops, shop,
          shapermc_ecumenical_altar_totnotflames, minmay_pentomino_t2
D:3:      layout_rooms, hellmonk_ghost_happy_afterlife, interstate_on_off,
          serial_park_tiny_pond
D:4:      layout_basic, bloody_makhleb, tgw_fedhas, serial_curves,
          eino_curves_03, eino_curves_01, uniq_ijyb

Skill      XL: |  1  2  3  4  5  6 |
---------------+-------------------+-----
Dodging        | 2 3 |  3.0
Stealth        | 2 3 |  3.5
Armour         | 1 2 |  2.2
Fighting       | 3 |  3.7
Shields        | 1 |  1.7
Crossbows      | |  4.9

Action                   |  1- 3 |  4- 6 || total
-------------------------+-------+-------++-------
Melee: Short sword       |   117 |       ||   117
       Long sword        |     8 |    57 ||    65
       Dagger            |       |    33 ||    33
       Trident           |       |    45 ||    45
 Fire: Hand crossbow     |     1 |     3 ||     4
  Use: Potion            |       |     1 ||     1
 Stab: Sleeping          |     2 |     1 ||     3
Armor: Leather armour    |     9 |       ||     9
       Scale mail        |    38 |    61 ||    99
Dodge: Dodged            |    54 |    74 ||   128
Block: Buckler           |       |    13 ||    13

Table legend: (Time is in decaauts)
 A = Elapsed time spent in this place.
 B = Non-inter-level travel time spent in this place.
 C = Inter-level travel time spent in this place.
 D = Time resting spent in this place.
 E = Time spent auto-exploring this place.
 F = Levels seen in this place.
 G = Mean time per level.
                   A        B        C        D        E       F      G
               +--------+--------+--------+--------+--------+-----+--------+
         Total |   4721 |   4662 |     59 |   1137 |   2544 |   4 | 1180.2 |
       Dungeon |   4721 |   4662 |     59 |   1137 |   2544 |   4 | 1180.2 |
               +--------+--------+--------+--------+--------+-----+--------+

Top non-repeatable levels by time:
     D:2: 1836 daAuts
     D:1: 1321 daAuts
     D:4: 827 daAuts
     D:3: 735 daAuts
